cohdb
Replays
Latest Replays
All Replays
Popular Replays
Top Player Replays
Match Explorer
How It Works
Community
CoH3 Stats
Reddit
Sign in to upload your games and track your stats! →
Sign in with Steam
Match 44743839
Unlisted
Match 44743839
Overview
Messages
Build Orders
End
Pioneer Squad
Construct Infanterie Kompanie
Selects Breakthrough Battlegroup
Selects Assault Grenadiers
Grenadier Squad
Grenadier Squad
GrW 34 Mortar Team
MG 42 Machine Gun Team
Construct Panzergrenadier Kompanie
Panzergrenadier Squad
Panzergrenadier Officer Quarters
Pak 40 Anti-tank Gun Team
咚咚锵个腿
RICO
0
0
Comments
sign in to comment!
No comments posted yet!